 Dungeon Crawl Stone Soup version 0.16-a0-3326-gb44eaf1 (console) character file.

46 Fusha the Sneak (level 3, 0/22 HPs)
             Began as a Deep Elf Wanderer on Dec 27, 2014.
             Succumbed to Terence's poison
             ... on level 3 of the Dungeon.
             The game lasted 00:12:13 (1869 turns).

Fusha the Sneak (Deep Elf Wanderer)                 Turns: 1869, Time: 00:12:13

Health: 0/22       AC:  6    Str: 13    XL:     3   Next: 46%
Magic:  7/7        EV: 11    Int: 15    God:
Gold:   84         SH:  0    Dex: 12    Spells: 0 memorised, 4 levels left

rFire  . . .     SeeInvis .     u - +1 quarterstaff
rCold  . . .     Clarity  .     j - +0 ring mail (curse)
rNeg   + . .     SustAb   .     (no shield)
rPois  .         Gourm    .     (no helmet)
rElec  .         Spirit   .     (no cloak)
rCorr  .         Warding  .     i - +0 pair of gloves
rMut   .         Stasis   .     (no boots)
MR     .....                    (no amulet)
Stlth  ++........               p - ring of positive energy
                                m - ring of flight

@: lethally poisoned, not resistant to hostile enchantments, unstealthy
A: no striking features
a: Evoke Flight


You were on level 3 of the Dungeon.
You were not hungry.

You visited 1 branch of the dungeon, and saw 3 of its levels.

You collected 84 gold pieces.

Inventory:

Hand weapons
 a - a +2 spear
 e - a +0 dagger
 u - a +1 quarterstaff (weapon)
Missiles
 g - 18 stones (quivered)
 k - 10 arrows of dispersal
 l - 15 arrows
 q - 15 arrows of frost
Armour
 d - a +0 robe
 h - a +0 leather armour
 i - a +0 pair of gloves (worn)
 j - a cursed +0 ring mail (worn)
Jewellery
 m - a ring of flight (left hand)
 p - a ring of positive energy (right hand)
Scrolls
 c - 2 scrolls of teleportation
 n - 4 scrolls of remove curse
 o - a scroll of blinking
 s - 2 scrolls of immolation {unknown}
 v - a scroll of magic mapping {unknown}
Potions
 b - 3 potions of curing
 r - a potion of poison
 t - a potion of haste
 w - a potion of restore abilities {unknown}
Comestibles
 f - 2 bread rations


   Skills:
 + Level 2.8 Fighting
 + Level 1.1 Throwing
 + Level 0.2 Armour
 + Level 3.3 Dodging
 + Level 5.3 Stealth
 * Level 1.1 Spellcasting


You had 4 spell levels left.
You didn't know any spells.

Dungeon Overview and Level Annotations

Branches:
Dungeon (3/15)

Altars:
Dithmenos
Nemelex Xobeh

Annotations:
D:2 more
D:3 Terence


Message History

Terence is heavily wounded.
Terence hits you with a short sword of venom.
You are lethally poisoned!
You hear the rapid rusting of a drain nearby.
You feel sick.
You feel sick.
* * * LOW HITPOINT WARNING * * *
You feel sick.
* * * LOW HITPOINT WARNING * * *
You feel sick.
* * * LOW HITPOINT WARNING * * *
You feel sick.
* * * LOW HITPOINT WARNING * * *
You feel sick.
Terence hits you with a short sword of venom.
* * * LOW HITPOINT WARNING * * *
You are more poisoned.
* * * LOW HITPOINT WARNING * * *
You feel sick.
You die...

#.....##.......#########@..#
#.....##.......#...........#
#....[##########...........#
#...)†################'#####
#.....##.......#.....#.(######
#.....##.......#.....##(#....#
###.####.......#.....##......#
#............#.....###.....#
#..........@.@.....# #.....#
#......###'###.....# ##....#
#.###### #.# #.....####..###
#.########.# ####......#.#
#<.........# #..###.#.#
#.########## ###..# #.#.# #.#
#....###.#'###
#.#############......#......
#..................#.#......


You could see Terence.

Vanquished Creatures
  A worm (D:2)
  An ooze (D:1)
  2 orcs (D:3)
  3 giant cockroaches
  4 hobgoblins
  3 jackals (D:3)
  A ball python (D:2)
  4 bats
  3 giant newts
  5 goblins
  6 kobolds
  5 rats
38 creatures vanquished.

Notes
Turn   | Place    | Note
--------------------------------------------------------------
     0 | D:1      | Fusha, the Deep Elf Wanderer, began the quest for the Orb.
     0 | D:1      | Fusha set off with: a +2 spear, a potion of curing, a scroll of teleportation, a +0 robe, a +0 dagger, a bread ration
     0 | D:1      | Reached XP level 1. HP: 13/13 MP: 2/2
    53 | D:1      | Reached skill level 5 in Stealth
   477 | D:1      | Reached XP level 2. HP: 18/18 MP: 4/4
  1095 | D:2      | Reached XP level 3. HP: 22/22 MP: 6/6
  1130 | D:2      | Found a sparkling altar of Nemelex Xobeh.
  1416 | D:3      | Found a shadowy altar of Dithmenos.
  1623 | D:3      | Reached skill level 1 in Spellcasting
  1837 | D:3      | Noticed Terence
  1868 | D:3      | HP: 1/22 [poisoned by Terence]
  1869 | D:3      | Succumbed to Terence's poison

Action                   || total
-------------------------++-------
Melee: Spear             ||   149
       Quarterstaff      ||    10
Throw: Stone             ||     6
  Use: Scroll            ||     6
 Stab: Sleeping          ||     3
  Eat: Bread ration      ||     1
